 Dungeon Crawl Stone Soup version 0.28.0-45-g0d030f2227 (webtiles) character file.

Game seed: 18197693695887792679

4076 Kaptain the Geomancer (level 10, -3/63 HPs)
             Began as a Gargoyle Earth Elementalist on Apr 1, 2022.
             Slain by a six-headed hydra (13 damage)
             ... on level 8 of the Dungeon.
             The game lasted 00:18:47 (10651 turns).

Kaptain the Geomancer (GrEE)                       Turns: 10651, Time: 00:18:47

Health: -3/63      AC: 17    Str: 13    XL:     10   Next: 25%
Magic:  4/19       EV: 12    Int: 19    God:
Gold:   443        SH:  0    Dex: 10    Spells: 17/21 levels left

rFire   . . .      SeeInvis .   k - +6 flail (vorpal)
rCold   . . .      Faith    .   (no shield)
rNeg    + . .      Spirit   .   v - +0 leather armour
rPois   ∞          Reflect  .   m - +1 helmet
rElec   +          Harm     .   (no cloak)
rCorr   .          Rampage  .   F - +0 pair of gloves
Will    .....                   H - +2 pair of boots
Stlth   ++........              (no amulet)
HPRegen 0.20/turn               (no ring)
MPRegen 0.16/turn               (no ring)

@: no status effects
A: sickness immunity, AC +7, negative energy resistance 1, electricity
resistance, torment resistance 1, petrification resistance
a: no special abilities


You were on level 8 of the Dungeon.
You visited 1 branch of the dungeon, and saw 8 of its levels.
You also visited: Sewer.

You collected 443 gold pieces.

Inventory:

Hand Weapons
 j - a +0 hunting sling
 k - a +6 vorpal flail (weapon)
 q - a +0 hand crossbow
 s - a +1 short sword of venom
 B - a +2 scimitar of freezing
Missiles
 c - 92 stones
 f - 36 sling bullets
 x - 4 javelins
 G - a throwing net
Armour
 m - a +1 helmet (worn)
 v - a +0 leather armour (worn)
 F - a +0 pair of gloves (worn)
 H - a +2 pair of boots (worn)
Jewellery
 t - a ring of ice
 I - an amulet of magic regeneration
Wands
 g - a wand of polymorph (1)
 y - a wand of mindburst (1)
 z - a wand of flame (42)
 D - a wand of iceblast (12)
Scrolls
 a - 3 scrolls of identify
 h - a scroll of summoning
 i - a scroll of fog
 n - a scroll of enchant armour
 o - 2 scrolls of teleportation
 u - 2 scrolls of enchant weapon
 w - a scroll of magic mapping
 C - a scroll of amnesia
 E - a scroll of blinking
Potions
 b - a potion of berserk rage
 d - a potion of lignification
 e - 6 potions of curing
 l - 2 potions of might
 p - a potion of heal wounds
 r - a potion of magic
 A - a potion of flight
 J - a potion of haste {unknown}


   Skills:
 * Level 7.0 Fighting
 + Level 4.8 Armour
 + Level 4.0 Dodging
 - Level 2.1 Stealth
 * Level 6.2 Spellcasting
 * Level 7.0 Conjurations
 - Level 0.7 Transmutations
 * Level 8.6 Earth Magic


You had 17 spell levels left.
You knew the following spells:

 Your Spells              Type           Power      Damage    Failure   Level
a - Sandblast             Erth           76%        2d16      1%          1
b - Stone Arrow           Conj/Erth      70%        3d11      1%          3

Your spell library contained the following spells:

 Spells                   Type           Power      Damage    Failure   Level
 Passwall                 Tmut/Erth      19%        N/A       3%          2
 Petrify                  Tmut/Erth      23%        N/A       21%         4


Dungeon Overview and Level Annotations

Branches:
Dungeon (8/15)             Temple (0/1) D:6           Sewer (visited)
   Lair: D:8-11

Altars:
Cheibriados
Okawaru


Innate Abilities, Weirdness & Mutations

You are immune to sickness and miasma.
Your stone body is resilient. (AC +7)
You are immune to poison.
You resist negative energy. (rN+)
You are resistant to electric shocks. (rElec)
You are resistant to unholy torment.
You are immune to petrification.


Message History

Aim: a six-headed hydra (lightly wounded, 91% to hit)
The stone arrow hits the six-headed hydra!
The six-headed hydra is moderately wounded.
Unknown command.
Casting: Stone Arrow (safe; 1% risk of failure)
Confirm with . or Enter, or press ? or * to list all spells.
Aiming: Stone Arrow (safe; 1% risk of failure)
Press: ? - help, Shift-Dir - straight line, f/p - six-headed hydra
Aim: a six-headed hydra (moderately wounded, 91% to hit)
The stone arrow hits the six-headed hydra!!
The six-headed hydra is heavily wounded.
The six-headed hydra misses you. The six-headed hydra bites you.
The six-headed hydra bites you! The six-headed hydra misses you.
The six-headed hydra bites you but does no damage.
The six-headed hydra misses you.
Casting: Stone Arrow (safe; 1% risk of failure)
Confirm with . or Enter, or press ? or * to list all spells.
Aiming: Stone Arrow (safe; 1% risk of failure)
Press: ? - help, Shift-Dir - straight line, f/p - six-headed hydra
Aim: a six-headed hydra (heavily wounded, 91% to hit)
The stone arrow hits the six-headed hydra!
The six-headed hydra is severely wounded.
The six-headed hydra closely misses you.
The six-headed hydra bites you!
The six-headed hydra bites you but does no damage.
The six-headed hydra closely misses you.
The six-headed hydra bites you! The six-headed hydra bites you.
Casting: Stone Arrow (safe; 1% risk of failure)
Confirm with . or Enter, or press ? or * to list all spells.
Aiming: Stone Arrow (safe; 1% risk of failure)
Press: ? - help, Shift-Dir - straight line, f/p - six-headed hydra
Aim: a six-headed hydra (severely wounded, 91% to hit)
The stone arrow hits the six-headed hydra!!
The six-headed hydra is almost dead.
The six-headed hydra closely misses you.
The six-headed hydra bites you but does no damage.
The six-headed hydra bites you! x2
* * * LOW HITPOINT WARNING * * *
The six-headed hydra bites you!
You die...

..####.##..........#
..####.##.####..####
.......##.......##
....#............#
.##.#.......##.#.#
.##.#....)..##.#.#
.##.#.()....##...#
.##...)<)...####.#
....#.<.........@#
.##.###..####.##.D#
.##.##..............
.##......#######+####
.##..#.#.# .##......#
.........# ####.....#
#.....#


You could see a six-headed hydra.

Vanquished Creatures
  A two-headed ogre (D:6)
  A manticore (D:7)
  A troll (D:7)
  A wyvern (D:7)
  A vampire mosquito (D:7)
  Edmund (D:5)
  A water moccasin (D:4)
  3 black bears
  A sky beast (D:6)
  A centaur (D:7)
  2 ogres
  5 phantoms
  A bullfrog (Sewer)
  A kobold brigand (D:8)
  A scorpion (D:5)
  A wyvern zombie (D:7)
  3 wyvern skeletons
  A water moccasin skeleton (D:5)
  A centaur zombie (D:4)
  A howler monkey (D:7)
  A bullfrog zombie (D:6)
  2 jellies (D:7)
  3 orc priests
  A centaur skeleton (D:5)
  6 hounds
  A bullfrog skeleton (D:7)
  A gnoll shaman (D:6)
  2 iguanas (D:7)
  Natasha (thrice) (D:2)
  An orc wizard (D:7)
  A killer bee zombie (D:7)
  2 howler monkey zombies (D:7)
  Robin (D:2)
  A howler monkey skeleton (D:5)
  5 gnolls (D:6)
  8 adders
  An ufetubus (D:6)
  2 worms
  2 dart slugs
  13 orcs
  6 bats
  16 endoplasms
  12 giant cockroaches
  18 goblins
  8 hobgoblins
  12 quokkas
  9 ball pythons
  19 frilled lizards
  11 kobolds
  5 rats
202 creatures vanquished.

Vanquished Creatures (others)
  6 plants (D:3)
6 creatures vanquished.

Grand Total: 208 creatures vanquished

Notes
Turn   | Place    | Note
-------+----------+-------------------------------------------
     0 | D:1      | Kaptain the Gargoyle Earth Elementalist began the quest for
                  | the Orb.
     0 | D:1      | Reached XP level 1. HP: 10/10 MP: 3/3
   198 | D:1      | Reached XP level 2. HP: 12/16 MP: 1/5
   588 | D:1      | Found a faded altar of an unknown god.
   758 | D:2      | Noticed Natasha
   761 | D:2      | Noticed a crimson imp
   765 | D:2      | Killed Natasha
   766 | D:2      | Reached skill level 1 in Fighting
   766 | D:2      | Reached skill level 1 in Conjurations
   766 | D:2      | Reached skill level 4 in Earth Magic
   766 | D:2      | Reached XP level 3. HP: 9/20 MP: 0/6
   784 | D:2      | Noticed Natasha
  1088 | D:2      | Killed Natasha
  1089 | D:2      | Reached XP level 4. HP: 25/25 MP: 3/7
  1162 | D:2      | Noticed Natasha
  1165 | D:2      | Killed Natasha
  1166 | D:2      | Reached skill level 1 in Armour
  1471 | D:2      | Noticed Robin
  1504 | D:2      | Reached XP level 5. HP: 10/30 MP: 3/8
  1550 | D:2      | Learned a level 3 spell: Stone Arrow
  1900 | D:2      | Killed Robin
  2220 | D:2      | Found an iron altar of Okawaru.
  2838 | D:3      | Found a snail-covered altar of Cheibriados.
  4070 | D:4      | Reached XP level 6. HP: 36/36 MP: 6/10
  4392 | D:4      | Reached skill level 5 in Earth Magic
  4470 | D:4      | Noticed a water moccasin
  4474 | D:4      | Killed a water moccasin
  4475 | D:4      | Reached XP level 7. HP: 39/41 MP: 1/12
  5110 | D:5      | Entered Level 5 of the Dungeon
  5378 | D:5      | Noticed Edmund
  5383 | D:5      | Killed Edmund
  5384 | D:5      | Reached XP level 8. HP: 48/48 MP: 9/14
  5464 | D:5      | Reached skill level 6 in Earth Magic
  6656 | D:6      | Found a glowing drain.
  6667 | Sewer    | Entered a sewer
  7485 | Sewer    | Reached skill level 5 in Fighting
  7609 | D:6      | Reached skill level 5 in Conjurations
  7697 | D:6      | Found a staircase to the Ecumenical Temple.
  7726 | D:6      | Reached XP level 9. HP: 36/54 MP: 0/16
  7911 | D:6      | Reached skill level 5 in Spellcasting
  7911 | D:6      | Reached skill level 7 in Earth Magic
  7956 | D:6      | Noticed a two-headed ogre
  7963 | D:6      | Killed a two-headed ogre
  8547 | D:6      | Found an iron altar of Okawaru.
  8740 | D:7      | Noticed a manticore
  8745 | D:7      | Killed a manticore
  8933 | D:7      | Noticed a troll
  8940 | D:7      | Reached skill level 8 in Earth Magic
  8956 | D:7      | Killed a troll
  8962 | D:7      | Reached XP level 10. HP: 30/61 MP: 1/18
 10646 | D:8      | Noticed a six-headed hydra
 10651 | D:8      | Slain by a six-headed hydra

Illustrated notes

Levels and vault maps discovered:
D:1:      minmay_arrival_plants_in_alcoves, layout_rooms,
          shapermc_ecumenical_altar_pompeii, minmay_misc_feat_enclosed
D:2:      layout_loops_ring, basic_altar, hex_tiny, uniq_robin, uniq_natasha
D:3:      cheibrodos_old_hovel, layout_loops_corners, kennysheep_slug_shrine
D:4:      layout_cave_pods, kennysheep_generic_room_4
D:5:      layout_cave_pods, uniq_edmund
D:6:      layout_loops_ring, kennysheep_okawaru_gauntlet,
          minmay_temple_entry_trees, gup_sewer_entry_bubbles
D:7:      minmay_chambers_of_sixes, layout_cave_pools, grunt_ministairs_12
D:8:      layout_loops_cross, ebering_ghost_funeral_grove,
          kennysheep_another_room, minmay_door_square, uniq_psyche

Skill      XL: |  1  2  3  4  5  6  7  8  9 10 |
---------------+-------------------------------+-----
Fighting       | 1 2 3 4 5 6 7 |  7.0
Conjurations   | 1 2 3 4 5 6 7 |  7.0
Earth Magic    | 4 5 6 8 |  8.6
Armour         | 1 2 3 4 |  4.8
Dodging        | 2 3 4 |  4.0
Spellcasting   | 3 4 5 6 |  6.2
Stealth        | |  2.1
Transmutations | |  0.7

Action                   |  1- 3 |  4- 6 |  7- 9 | 10-12 || total
-------------------------+-------+-------+-------+-------++-------
Melee: Dagger            |     9 |       |       |       ||     9
       Short sword       |     5 |     6 |       |       ||    11
       Broad axe         |       |    34 |       |       ||    34
       Flail             |       |       |     4 |     3 ||     7
 Fire: Hunting sling     |       |    14 |     7 |       ||    21
       Hand crossbow     |       |    24 |    40 |       ||    64
       Arbalest          |       |       |    20 |       ||    20
 Cast: Sandblast         |    30 |    69 |    83 |     3 ||   185
       Stone Arrow       |       |     9 |    68 |    44 ||   121
  Use: Scroll            |       |       |       |    13 ||    13
 Stab: Sleeping          |       |     2 |       |       ||     2
Armor: Robe              |     7 |    37 |       |       ||    44
       Skin              |     1 |       |       |       ||     1
       Leather armour    |       |       |    28 |    19 ||    47
Dodge: Dodged            |    14 |    73 |    40 |    28 ||   155
